 Dungeon Crawl Stone Soup version 0.29-a0-515-g7c1fb6cc08 (webtiles) character file.

Game seed: 14116304091472052531

76 Morbidden the Scratcher (level 4, 19/19 HPs)
             Began as a Felid Transmuter on May 30, 2022.
             Quit the game on level 3 of the Dungeon.
             The game lasted 00:04:20 (3866 turns).

Morbidden the Scratcher (Felid Transmuter)          Turns: 3866, Time: 00:04:20

Health: 19/19      AC:  1    Str:  8    XL:     4   Next: 12%
Magic:  9/9        EV: 18    Int: 14    God:
Gold:   86         SH:  0    Dex: 17    Spells: 5/8 levels left
                                        Lives:  0   Deaths: 1

rFire   . . .      SeeInvis +     - Unarmed
rCold   . . .      Faith    .   (shield unavailable)
rNeg    . . .      Spirit   .   (body armour unavailable)
rPois   .          Reflect  .   (helmet unavailable)
rElec   .          Harm     .   (cloak unavailable)
rCorr   .          Rampage  .   (gloves unavailable)
Will    .....                   (boots unavailable)
Stlth   ++........              (no amulet)
HPRegen 0.06/turn               (no ring)
MPRegen 0.11/turn               (no ring)

@: quick
A: very small, claws 1, fangs 3, see invisible, speed 1, shaggy fur 1, stealthy
paws, no weapons or thrown items, no armour, multi-lived
a: no special abilities


You were on level 3 of the Dungeon.
You visited 1 branch of the dungeon, and saw 3 of its levels.

You collected 86 gold pieces.

Inventory:

Scrolls
 d - 2 scrolls of identify {unknown}
 f - a scroll of poison {unknown}
 h - a scroll of teleportation {unknown}
 i - a scroll of immolation {unknown}
 k - a scroll of fog {unknown}
Potions
 a - a potion of lignification
 b - 2 potions of brilliance {unknown}
 c - 2 potions of attraction {unknown}
 e - a potion of heal wounds {unknown}
 g - 2 potions of degeneration {unknown}
 j - a potion of curing {unknown}


   Skills:
 * Level 1.6 Fighting
 * Level 3.4 Dodging
 + Level 0.4 Stealth
 * Level 4.5 Unarmed Combat
 * Level 2.8 Spellcasting
 * Level 2.8 Transmutations


You had 5 spell levels left.
You knew the following spells:

 Your Spells              Type           Power      Damage    Failure   Level
a - Beastly Appendage     Tmut           20%        N/A       7%          1
b - Wereblood             Tmut           10%        N/A       11%         2

Your spell library contained the following spells:

 Spells                   Type           Power      Damage    Failure   Level
 Spider Form              Tmut/Pois      5%         N/A       36%         3
 Ice Form                 Ice/Tmut       5%         N/A       77%         4


Dungeon Overview and Level Annotations

Branches:
Dungeon (3/15)

Altars:


Innate Abilities, Weirdness & Mutations

You have sharp claws.
You have razor-sharp teeth.
You have supernaturally acute eyesight. (SInv)
You cover ground quickly. (Speed+)
You are covered in fur. (AC +1)
Your paws help you pounce on unaware monsters.
You are incapable of wielding weapons or throwing items.
You cannot wear armour.
You gain extra lives every three experience levels.


Message History

Unknown command.
Casting: Wereblood (safe; 11% risk of failure)
Confirm with . or Enter, or press ? or * to list all spells.
You miscast Beastly Appendage.
You are very lightly contaminated with residual magic.
Nothing appears to happen.
Unknown command.
An adder comes into view.
Unknown command.
You barely miss the scorpion. Your bite misses the scorpion.
The scorpion barely misses you.
You scratch the scorpion.
The scorpion is lightly wounded.
The scorpion stings you.
You barely miss the scorpion.
The scorpion is lightly wounded.
The scorpion misses you.
You closely miss the scorpion.
The scorpion is lightly wounded.
The scorpion stings you.
You are lethally poisoned!
The scorpion poisons you! The adder closely misses you.
You scratch the scorpion but do no damage.
The scorpion is lightly wounded.
You feel very sick. The scorpion stings you.
* * * LOW HITPOINT WARNING * * *
You are more poisoned.
The scorpion poisons you! The adder barely misses you.
The scorpion barely misses you.
Your magical contamination has completely faded away.
Unknown command.
You die...
You feel very sick.
You are now level 4!
You rejoin the land of the living...
Found a robe.
Unknown command.
Unknown command.
Are you sure you want to abandon this character and quit the game? (Confirm with "yes".)

...# #.# # #'##
#.##....# #.#
#)##....####### #.#
#.# ..........#
#.#####†##..........#
#..##.......#.......#
##.##.#.#####.......#
........<...'.......#
##..#.#.#####...@...#
##.#.#.....#[......#
#.........#.###......#
##.##÷###.# ......'
#.........# ......#
#.#.#.###.# ......#
###.......#.# .......
....##..#.#.# #####.#
.##.##..#.#.#


There were no monsters in sight!

Vanquished Creatures
  Natasha (twice) (D:3)
  Robin (D:2)
  2 adders
  A worm (D:2)
  2 dart slugs (D:1)
  5 ball pythons
  6 endoplasms
  3 giant cockroaches
  4 hobgoblins
  5 kobolds
  4 quokkas
  5 bats
  5 frilled lizards
  13 goblins
  9 rats
67 creatures vanquished.

Vanquished Creatures (others)
  3 withered plants (D:2)
3 creatures vanquished.

Grand Total: 70 creatures vanquished

Notes
Turn   | Place    | Note
-------+----------+-------------------------------------------
     0 | D:1      | Morbidden the Felid Transmuter began the quest for the Orb.
     0 | D:1      | Reached XP level 1. HP: 9/9 MP: 4/4
   587 | D:1      | Reached XP level 2. HP: 8/12 MP: 4/6
  1195 | D:1      | Reached XP level 3. HP: 14/15 MP: 7/7
  1958 | D:2      | Found a faded altar of an unknown god.
  2300 | D:2      | Learned a level 2 spell: Wereblood
  2536 | D:2      | Reached skill level 4 in Unarmed Combat
  2786 | D:2      | Noticed Robin
  2802 | D:2      | Reached XP level 4. HP: 17/19 MP: 4/8
  3031 | D:2      | Killed Robin
  3309 | D:3      | Noticed Natasha
  3320 | D:3      | Killed Natasha
  3497 | D:3      | Noticed Natasha
  3512 | D:3      | Killed Natasha
  3513 | D:3      | Reached XP level 5. HP: 6/22 MP: 7/10
  3865 | D:3      | Succumbed to a scorpion's poison
  3866 | D:3      | Reached XP level 4. HP: 0/19 MP: 9/9
  3866 | D:3      | Quit the game

Illustrated notes

Levels and vault maps discovered:
D:1:      minmay_arrival_stair_chambers, layout_loops_ring
D:2:      layout_rooms, shapermc_ecumenical_altar_flowoftime, uniq_robin
D:3:      layout_basic, elyvilon_altar_5, serial_shops, nicolae_shop_trees,
          minmay_cupped, uniq_natasha

Skill      XL: |  1  2  3 |
---------------+----------+-----
Dodging        | 3 |  3.4
Unarmed Combat | 4 |  4.5
Fighting       | |  1.6
Stealth        | |  0.4
Spellcasting   | |  2.8
Transmutations | |  2.8

Action                   |  1- 3 |  4- 6 || total
-------------------------+-------+-------++-------
Melee: Unarmed           |   135 |    50 ||   185
       Bite              |    13 |     1 ||    14
       Punch             |     2 |       ||     2
       Headbutt          |     5 |     7 ||    12
 Cast: Beastly Appendage |    16 |     6 ||    22
       Wereblood         |     4 |     5 ||     9
 Stab: Sleeping          |     1 |       ||     1
Armor: Skin              |     6 |     3 ||     9
Dodge: Dodged            |   116 |    39 ||   155

Table legend: (Time is in decaauts)
 A = Elapsed time spent in this place.
 B = Non-inter-level travel time spent in this place.
 C = Inter-level travel time spent in this place.
 D = Time resting spent in this place.
 E = Time spent auto-exploring this place.
 F = Levels seen in this place.
 G = Mean time per level.
                   A        B        C        D        E       F      G
               +--------+--------+--------+--------+--------+-----+--------+
         Total |   3595 |   3504 |     91 |   1025 |   1994 |   3 | 1198.3 |
       Dungeon |   3595 |   3504 |     91 |   1025 |   1994 |   3 | 1198.3 |
               +--------+--------+--------+--------+--------+-----+--------+

Top non-repeatable levels by time:
     D:1: 2175 daAuts
     D:2: 774 daAuts
     D:3: 645 daAuts
